 Dungeon Crawl Stone Soup version 0.13-a0-2305-ge00d11d (webtiles) character file.

739618 JacquesDerrida the Phalangite (level 27, 37/201 (215) HPs)
             Began as a Merfolk Gladiator on July 5, 2013.
             Was the Champion of the Shining One.
             Quit the game on Level 7 of Gehenna on July 9, 2013.
             The game lasted 10:02:30 (122583 turns).

JacquesDerrida the Phalangite (Merfolk Gladiator) Turns: 122583, Time: 10:02:30

HP  37/201 (215) AC 35     Str 20      XL: 27
MP  46/46        EV 24     Int 29      God: the Shining One [******]
Gold 1922        SH  0     Dex 18      Spells: 14 memorised,  7 levels left

Res.Fire  : + + +   See Invis. : .   M - +8 bardiche (holy)
Res.Cold  : x . .   Warding    : .   y - +8 fire dragon armour
Life Prot.: + + +   Conserve   : +   (no shield)
Res.Poison: .       Res.Corr.  : +   b - +2 wizard hat {Int+3}
Res.Elec. : .       Clarity    : +   s - +2 cloak {rCorr, Cons}
Sust.Abil.: . .     Spirit.Shd : .   V - +2 pair of gauntlets {Str+3}
Res.Mut.  : .       Stasis     : .   h - +2 pair of boots {Fly}
Res.Rott. : .       Flight     : +   U - amulet "Seah Shoa" {Clar +Rage +Inv}
Saprovore : . . .                    d - ring "Raal Aps" {rF+ Int+4}
                                     T - ring "Umanes" {MR Dex+5 Int+3}

@: flying, mildly poisoned, glowing, extremely resistant to hostile
enchantments, extremely unstealthy
A: change form in water, swift swim, Dex -1
a: Divine Shield, Cleansing Flame, Summon Divine Warrior, Renounce Religion,
Evoke Berserk Rage, Evoke Invisibility, Stop Flying
}: 5/15 runes: barnacled, slimy, silver, golden, gossamer


You were on level 7 of Gehenna.
You worshipped the Shining One. the Shining One was exalted by your worship.
You were very full.

You visited 15 branches of the dungeon, and saw 85 of its levels.
You visited the Abyss 3 times.
You also visited: Labyrinth, Ossuary, Bailey and Ice Cave.

You collected 14314 gold pieces.
You spent 1823 gold pieces at shops.
You donated 10589 gold pieces.

Inventory:

Hand weapons
 l - the +7,+3 bardiche of Ascent {slay drac, +Inv rN+ Dex+2 Int+2}
   (Okawaru gifted it to you on level 2 of the Shoals)

   This legendary weapon is deadly to all dragonkind.
   It also provides some protection from the breath attacks of dragons and other
   creatures.
   It affects your intelligence (+2).
   It affects your dexterity (+2).
   It protects you from negative energy.
   It lets you turn invisible.
 M - a +8,+8 bardiche of holy wrath (weapon)
Armour
 b - a +2 wizard hat of intelligence (worn)
 f - a +6 mottled dragon armour
 h - a +2 pair of boots of flying (worn)
 j - the +9 armour of the Dragon King {rPois rF+ rC+ MR+}
   (You found it on level 3 of the Elven Halls)

   It protects you from fire.
   It protects you from cold.
   It protects you from poison.
   It affects your resistance to hostile enchantments.
 s - a +2 cloak of preservation (worn)
 y - a +8 fire dragon armour (worn)
 L - a +2 pair of boots of running
 V - a +2 pair of gauntlets of strength (worn)
Magical devices
 a - a wand of heal wounds (0)
 e - a wand of disintegration (10)
 D - a wand of disintegration (8)
 I - a wand of heal wounds (0)
Comestibles
 g - 11 bread rations
 o - a meat ration
Scrolls
 i - a scroll of magic mapping
 n - a scroll of fog
 A - 5 scrolls of teleportation
 E - 6 scrolls of remove curse
 Y - a scroll of identify
Jewellery
 c - the amulet "Fekuch" {Cons -Tele +Fly rElec MR++ Str+1 Acc-1}
   (You found it on level 5 of the Crypt)

   [amulet of conservation]

   It affects your strength (+1).
   It affects your accuracy (-1).
   It insulates you from electricity.
   It affects your resistance to hostile enchantments.
   It lets you fly.
   It prevents most forms of teleportation.
 d - the ring "Raal Aps" (right hand) {rF+ Int+4}
   (You found it on level 1 of the Crypt)

   [ring of protection from fire]

   It affects your intelligence (+4).
 k - an uncursed ring of ice
 m - a cursed amulet of the gourmand
 r - a cursed amulet of conservation
 t - an uncursed ring of wizardry
 x - an uncursed ring of sustain abilities
 F - the amulet of Suapha {rCorr Dex+3 Int+3}
   (You acquired it on level 25 of the Dungeon)

   [amulet of resist corrosion]

   It affects your intelligence (+3).
   It affects your dexterity (+3).
 H - a cursed -4 ring of dexterity
 O - a cursed ring of magical power
 Q - an uncursed ring of teleport control
 S - an uncursed ring of magical power
 T - the ring "Umanes" (left hand) {MR Dex+5 Int+3}
   (You found it on level 6 of the Pits of Slime)

   [ring of protection from magic]

   It affects your intelligence (+3).
   It affects your dexterity (+5).
 U - the amulet "Seah Shoa" (around neck) {Clar +Rage +Inv}
   (You found it on level 5 of the Vaults)

   [amulet of clarity]

   It lets you turn invisible.
   It lets you go berserk.
Potions
 p - 4 potions of berserk rage
 u - 2 potions of agility
 v - 3 potions of magic
 z - 4 potions of restore abilities
 B - 3 potions of speed
 G - 2 potions of heal wounds
 J - 9 potions of might
 Z - 8 potions of curing
Magical staves
 w - an uncursed staff of cold


   Skills:
 + Level 16.3 Fighting
 - Level 25.0 Polearms
 - Level 4.0 Throwing
 - Level 18.0 Armour
 - Level 20.0 Dodging
 - Level 6.3 Traps
 - Level 20.4 Spellcasting
 - Level 10.1 Hexes
 - Level 13.6 Charms
 - Level 7.9 Translocations
 - Level 23.0 Air Magic
 - Level 15.1 Invocations


You had 7 spell levels left.
You knew the following spells:

 Your Spells              Type           Power        Failure   Level  Hunger
a - Repel Missiles        Chrm/Air       #######...   0%          2    None
b - Swiftness             Chrm/Air       #######...   0%          2    None
c - Cause Fear            Hex            ######....   1%          4    None
d - Silence               Hex/Air        #######...   1%          5    None
e - Flight                Chrm/Air       #######...   0%          3    None
f - Tukima's Dance        Hex            ######..     1%          5    None
g - Blink                 Tloc           N/A          1%          2    None
h - Haste                 Chrm           #######.     1%          6    None
i - Deflect Missiles      Chrm/Air       #######...   1%          6    None
j - Phase Shift           Tloc           ######....   1%          5    None
k - Infusion              Chrm           ######       0%          1    None
l - Spectral Weapon       Hex/Chrm       #######.     1%          3    None
m - Invisibility          Hex            ######..     6%          6    None
n - Tornado               Air            ########..   17%         9    ######.


Dungeon Overview and Level Annotations

Branches:
Dungeon (27/27)            Temple (1/1) D:7             Orc (4/4) D:6
    Elf (3/3) Orc:3          Lair (8/8) D:9          Shoals (5/5) Lair:4
 Spider (5/5) Lair:5        Slime (6/6) Lair:8       Vaults (5/5) D:20
  Blade (1/1) Vaults:3      Crypt (5/5) Vaults:2       Tomb (3/3) Crypt:2
    Geh (7/7) Hell            Zot (4/5) D:27
    Dis: Hell:1         Coc: Hell:1         Tar: Hell:1

Altars:
Ashenzari
Cheibriados
Elyvilon
Fedhas
Kikubaaqudgha
Makhleb
Nemelex Xobeh
Okawaru
Sif Muna
Trog
Vehumet
Xom
Yredelemnul
Zin
the Shining One

Shops:
D:9: ? D:22: } Orc:3: % Orc:4: }[*! Shoals:1: } Vaults:1: % Vaults:2: +

Portals:
Hell: D:21 D:22 D:23 D:24 D:25 D:26 D:27
Abyss: D:22 D:25
Pandemonium: D:21 D:22 D:24

Annotations
Lair:7 exclusion: oklob plant
Lair:8 exclusion: oklob plant
Shoals:2 kuzmorgo's ghost, mighty DEWz
Shoals:5 exclusion: oklob plant
Vaults:3 exclusion: orange crystal statue
Tomb:1 exclusion: ice statue
Hell exclusion: 2 ice statues


Innate Abilities, Weirdness & Mutations

You revert to your normal form in water.
You are very nimble and swift while swimming.
You are clumsy (Dex -1).


Message History

The fireball explodes!
The fireball engulfs you! You resist.
One of your 2 scrolls of fog catches fire!
The fireball engulfs the balrug.
The balrug completely resists.
The hellion gestures at you.
The hellfire explodes!
The burst of hellfire engulfs you!
The burst of hellfire engulfs the balrug.
The balrug completely resists.
You slash the balrug!
The balrug convulses!
The balrug is almost dead.
You feel sick. The hellion gestures at you.
The hellfire explodes!
The burst of hellfire engulfs you!
* * * LOW HITPOINT WARNING * * *
The burst of hellfire engulfs the balrug.
The balrug completely resists.
The burst of hellfire engulfs the crimson imp.
The crimson imp completely resists.
Unknown command.
Unknown command.
Are you sure you want to abandon this character and quit the game? (Confirm with "yes".)

##############+++################
##############+++#######
........................
.....§...................
...§.≈≈≈≈≈≈§≈≈≈≈≈≈≈≈≈≈§≈
...≈≈§§§≈≈≈≈§##'##§§≈≈§≈
.≈≈≈§≈≈≈§≈≈≈≈#...#§§§≈≈≈
≈≈§§§§≈≈≈§§§≈#..5# § ≈
§≈§§§≈§≈§§≈§≈#.2@#
≈≈§≈≈≈≈≈≈§§§§##'##
≈≈≈§###########C4. ≈≈≈≈# #.....
§≈≈≈# #2.2.... ≈§§≈# #......
##### #...... #..... ###


You could see a fire giant, a balrug, a hellion and a crimson imp.

Vanquished Creatures
  the royal jelly (Slime:6)
  40 greater mummies
  Saint Roka (Vaults:2)
  3 ancient liches
  Sojobo (D:21)
  Margery (D:21)
  Mara (Shoals:3)
  Mennas (Vaults:2)
  Geryon (Hell)
  3 golden dragons
  Jory (D:21)
  Xtahua (Shoals:5)
  Frederick (Spider:5)
  Arachne (Spider:4)
  An electric golem (Zot:3)
  13 bone dragons
  A hellephant (D:24)
  3 Brimstone Fiends
  8 liches
  Rupert (D:14)
  Agnes (D:19)
  4 tentacled monstrosities
  2 quicksilver dragons (Vaults:5)
  11 storm dragons
  6 titans
  2 deep elf blademasters (Elf:3)
  An Executioner (Abyss:1)
  2 deep elf master archers (Elf:3)
  Maud (Lair:4)
  2 krakens
  The ghost of Liquorice the Executioner, a mighty DjBe of Trog (D:24)
  9 sphinxes
  4 ancient champions
  16 acid blobs
  Gastronok (D:9)
  Kirke (Spider:1)
  8 shadow dragons
  A revenant (Crypt:2)
  Ilsuiw (Shoals:5)
  18 tengu reavers
  2 deep elf sorcerers (Elf:3)
  16 fire giants
  6 ghouls (Crypt:3)
  2 ghost moths
  Donald (Spider:5)
  Wiglaf (D:26)
  A draconian scorcher (Zot:3)
  An iron dragon (Hell)
  6 frost giants
  8 azure jellies
  Aizul (Crypt:1)
  Louise (Vaults:2)
  9 vault wardens
  4 curse skulls
  3 draconian zealots
  6 tentacled starspawn (Abyss:1)
  Azrael (D:18)
  A cacodemon (Geh:1)
  4 emperor scorpions
  Jorgrun (Crypt:4)
  5 balrugs
  45 stone giants
  2 draconian shifters (Zot:1)
  4 eidola
  15 reapers
  2 grey draconians (Zot:1)
  A minotaur (Lab)
  9 great orbs of eyes
  2 storm dragon zombies
  3 vampire knights
  2 green draconians (Zot:1)
  6 deep elf demonologists
  27 vault guards
  A mottled draconian (Zot:1)
  2 blizzard demons
  5 deep elf annihilators (Elf:3)
  2 white draconians
  Fannar (Orc:4)
  3 black draconians
  Harold (Lair:1)
  A red draconian (Zot:3)
  4 merfolk javelineers (Shoals:5)
  22 ogre magi
  3 yellow draconians
  2 pale draconians
  The ghost of Elpoyo the Fighter, an experienced OgCK of Xom (Orc:4)
  2 green deaths
  3 purple draconians
  8 hydras
  4 deep elf death magi
  7 ettins
  9 death oozes
  5 rakshasas
  6 merfolk impalers
  3 sirens
  27 mummy priests
  46 yaktaur captains
  7 ironheart preservers
  4 deep elf high priests
  13 dragons
  4 death cobs
  4 fire giant zombies
  10 death yaks
  16 jiangshi
  2 merfolk aquamancers (Shoals:5)
  9 stone giant zombies
  A ravenous item mimic (Vaults:5)
  Urug (D:11)
  2 ice dragons
  31 deep trolls
  33 centaur warriors
  A spectral deep dwarf (Crypt:4)
  A spectral sphinx (Tomb:2)
  16 iron golems
  11 dancing weapons
  3 deep dwarf death knights
  28 stone giant skeletons
  A ravenous feature mimic (Crypt:1)
  9 deep troll earth magi
  A spectral stone giant (Crypt:5)
  8 fire giant skeletons
  A catoblepas (Lair:8)
  A spectral guardian serpent (Crypt:1)
  A plague shambler (Crypt:3)
  11 deep troll shamans
  A fire crab (Vaults:5)
  3 wretched stars
  11 vampire magi
  9 naga warriors
  11 hell hogs
  4 thrashing horrors (Abyss:1)
  4 iron trolls
  2 spectral elves
  8 very ugly things
  18 deep elf knights
  6 sun demons
  A death drake (D:27)
  4 ice devils
  20 soul eaters
  3 storm dragon skeletons
  Erolcha (Orc:2)
  36 skeletal warriors
  An anaconda zombie (Crypt:1)
  A lindwurm (D:24)
  2 spatial maelstroms (Abyss:1)
  10 sea snakes
  14 flayed ghosts
  25 hell knights
  8 unseen horrors
  14 shadow wraiths
  A shadow demon (Abyss:1)
  9 ironbrand convokers
  18 large abominations (Abyss:1)
  18 flaming corpses
  3 fauns (shapeshifter)
  17 starcursed masses (Abyss:1)
  A wizard (D:20)
  18 giant amoebae
  7 hellions
  An anaconda skeleton (Crypt:4)
  14 harpies
  2 sphinx zombies (Vaults:1)
  7 orc sorcerers
  4 shadow dragon zombies
  18 hill giants
  A frost giant zombie (D:23)
  14 necromancers
  56 orc knights
  An elf (D:11)
  25 cyclopes
  2 shadow dragon skeletons
  A shining eye (shapeshifter) (Vaults:5)
  35 wolf spiders
  5 spiny worms
  A very ugly thing skeleton (Crypt:2)
  22 phantasmal warriors
  6 griffons
  3 black mambas
  14 moths of wrath
  An apocalypse crab (Abyss:1)
  Maurice (Orc:1)
  7 red wasps
  2 sixfirhies
  A griffon zombie (D:18)
  13 vault sentinels
  37 slime creatures
  An elephant slug (Lair:5)
  A black mamba (shapeshifter) (D:20)
  17 spiny frogs
  A guardian serpent (shapeshifter) (Vaults:2)
  2 eyes of devastation
  8 dragon skeletons
  A fire giant simulacrum (D:20)
  2 frost giant skeletons
  4 tormentors
  An alligator snapping turtle zombie (Crypt:2)
  A storm dragon simulacrum (Vaults:1)
  6 orange demons
  An emperor scorpion zombie (Crypt:2)
  9 mermaids
  A moth of suppression (Spider:5)
  A green draconian zombie (Abyss:1)
  A feature mimic (D:10)
  98 guardian mummies
  10 efreet
  3 dire elephant skeletons
  12 demonic crawlers
  2 ancient bear zombies
  Psyche (D:11)
  A redback zombie (D:22)
  2 hill giant zombies (D:6)
  124 ugly things
  3 iron troll zombies
  18 smoke demons
  A spectral glowing shapeshifter (Tomb:1)
  A spiny frog (shapeshifter) (Vaults:5)
  A yaktaur (shapeshifter) (D:25)
  17 humans
  20 orb spiders
  75 yaktaurs
  23 hellwings
  Grinder (D:6)
  A naga mage (Vaults:1)
  24 trolls
  2 iron troll simulacra
  6 ancient zymes
  7 komodo dragons
  2 silent spectres
  4 death drake zombies
  A troll (shapeshifter) (Vaults:4)
  A wandering mushroom (D:9)
  A black draconian skeleton (Crypt:3)
  2 fire vortices (D:24)
  10 red devils
  4 iron troll skeletons
  6 human zombies
  6 iron devils
  A polar bear (D:11)
  15 blink frogs
  A harpy skeleton (Crypt:2)
  18 snapping turtles
  9 brown oozes
  7 blue devils
  2 red wasp zombies
  3 giant leeches (Lair:8)
  A raven (shapeshifter) (Vaults:1)
  A frost giant simulacrum (Tomb:2)
  40 two-headed ogres
  A giant amoeba zombie (Crypt:1)
  2 death drake skeletons
  2 wind drakes (shapeshifter)
  3 ettin zombies
  A grizzly bear (Lair:5)
  A catoblepas skeleton (Crypt:4)
  13 ice dragon zombies
  A dragon zombie (Crypt:5)
  46 jumping spiders
  A basilisk (shapeshifter) (Vaults:3)
  30 shadows
  15 ynoxinuls
  11 ice dragon skeletons
  6 air elementals
  A guardian serpent skeleton (Crypt:2)
  56 yaks
  63 flying skulls
  2 stone giant simulacra
  A wind drake zombie (Crypt:3)
  4 chaos spawn
  49 redbacks
  A griffon simulacrum (D:17)
  22 tarantellas
  3 ettin skeletons
  10 deep elf conjurers
  23 vampires
  2 basilisks
  8 wyverns
  A hog (Spider:1)
  A metal gargoyle (Hell)
  6 sharks
  14 wolves
  Eustachio (D:7)
  A tarantella (shapeshifter) (D:22)
  8 neqoxecs
  21 vampire mosquitoes
  11 water elementals
  4 golden eyes (Slime:3)
  20 wraiths
  23 molten gargoyles
  Grum (Orc:2)
  A clay golem (Geh:4)
  A hill giant simulacrum (D:11)
  6 fire elementals
  23 hippogriffs
  13 hungry ghosts
  40 merfolk
  A dryad zombie (Crypt:3)
  19 fire drakes
  22 deep elf fighters
  8 mottled dragons
  38 trapdoor spiders
  2 spatial vortices (Abyss:1)
  12 manticores
  8 porcupines
  14 boulder beetles
  A deep troll zombie (Crypt:2)
  A faun zombie (Crypt:5)
  33 hell hounds
  2 rock worms
  9 deep elf summoners
  A cyclops zombie (D:15)
  Menkaure (D:7)
  A yaktaur zombie (D:19)
  4 nagas (Vaults:1)
  6 yaktaur skeletons
  4 deep troll skeletons
  18 freezing wraiths
  13 small abominations
  11 ice beasts
  A spectral yak (Crypt:3)
  2 lindwurm zombies
  8 phantoms
  9 necrophages
  3 sky beasts
  A boulder beetle zombie (Vaults:1)
  3 troll zombies
  2 hippogriff zombies
  10 deep elf priests
  65 orc warriors
  12 giant goldfish
  15 wargs
  2 boring beetles
  37 centaurs
  A hog zombie (Crypt:3)
  97 ogres
  2 tengu (D:11)
  A centaur (shapeshifter) (D:26)
  The ghost of disskorpion the Insei, an average OpMo (D:3)
  11 lava worms
  6 big kobolds
  Duvessa (D:4)
  5 rotting devils
  10 giant slugs
  14 crocodiles
  A centaur skeleton (D:5)
  26 giant frogs
  2 spectral boulder beetles
  A gnoll sergeant (D:11)
  19 deep elf magi
  12 agate snails
  16 water moccasins
  A black bear skeleton (D:7)
  A faun simulacrum (Crypt:3)
  2 deep troll simulacra
  14 killer bees
  3 eyes of draining
  An eye of draining (shapeshifter) (D:18)
  A yak zombie (Crypt:5)
  5 big kobold zombies (Ossuary)
  22 jellyfish
  5 lava fish
  16 lava snakes
  11 electric eels
  A wolf zombie (Crypt:5)
  7 fire bats
  36 wights
  15 hounds
  4 ogre zombies (D:6)
  Dowan (D:4)
  22 crimson imps
  33 spiders
  A big kobold skeleton (D:9)
  8 goliath beetles
  26 big fish
  A crocodile skeleton (D:12)
  A basilisk zombie (Crypt:2)
  37 orc priests
  2 quasits
  A hound zombie (D:9)
  8 iguanas
  2 iron imps
  13 scorpions
  38 deep elf soldiers
  41 orc wizards
  A porcupine zombie (Crypt:1)
  A worker ant zombie (D:6)
  8 worker ants
  16 jellies
  A deep dwarf zombie (Abyss:1)
  Ijyb (D:6)
  A big kobold simulacrum (D:11)
  39 sheep
  A sky beast zombie (Tomb:2)
  A spider zombie (Crypt:3)
  A deep dwarf skeleton (Crypt:4)
  10 boggarts
  A goliath beetle zombie (D:5)
  A hound skeleton (Crypt:4)
  A naga zombie (Crypt:2)
  2 ogre simulacra (D:11)
  40 mummies
  7 orange rat zombies (Hell)
  20 gnolls
  8 lemures
  2 orange rat skeletons (Hell)
  A swamp drake skeleton (Crypt:3)
  A brain worm simulacrum (Abyss:1)
  21 adders
  5 giant centipedes
  41 green rats
  A giant centipede zombie (D:14)
  3 giant mites
  A scorpion zombie (D:5)
  11 white imps
  A worm zombie (Crypt:1)
  An adder zombie (Ossuary)
  2 shadow imps
  An inept feature mimic (D:6)
  77 ufetubi
  8 worms
  2 sheep skeletons (Crypt:1)
  5 giant eyeballs
  2 gnoll zombies (Ossuary)
  8 giant geckos
  20 oozes
  221 orcs
  26 bats
  3 giant cockroaches
  24 goblins
  31 hobgoblins
  6 jackals
  4 ball pythons
  A ball python skeleton (D:5)
  A giant cockroach zombie (Crypt:3)
  5 giant newts
  2 giant spores
  3 goblin skeletons
  2 goblin zombies (D:6)
  3 hobgoblin skeletons
  9 hobgoblin zombies
  27 illusory rakshasas
  55 kobolds
  A kobold skeleton (Crypt:1)
  5 kobold zombies (Ossuary)
  A lurking horror (Abyss:1)
  2 orc skeletons
  29 orc zombies
  16 quokkas
  19 rats
  A rat skeleton (D:5)
  19 ballistomycetes
  2 crawling corpses (Elf:1)
  A fungus (D:9)
  A plant (Crypt:2)
4495 creatures vanquished.

Vanquished Creatures (collateral kills)
  A storm dragon (D:20)
  A mummy priest (Tomb:2)
  An orc knight (D:20)
  A slime creature (Vaults:2)
  8 guardian mummies
  2 orc warriors (D:20)
14 creatures vanquished.

Vanquished Creatures (others)
  A tengu reaver (Vaults:5)
  A jiangshi (Tomb:1)
  A deep troll (shapeshifter) (Vaults:5)
  An ironbrand convoker (Vaults:5)
  A stone giant skeleton (Tomb:2)
  2 yaktaurs
  3 guardian mummies
  A jumping spider (Spider:2)
  A blink frog (Lair:8)
  A fire vortex (D:24)
  5 flying skulls (Tomb:2)
  A trapdoor spider (Spider:5)
  A water elemental (Shoals:5)
  3 dancing weapons
  A deep elf fighter (Elf:1)
  A yaktaur skeleton (D:18)
  A hell hound (Hell)
  A necrophage (Geh:1)
  An ogre (Orc:4)
  11 lost souls
  An orc warrior (Crypt:5)
  A deep elf mage (Vaults:5)
  A boring beetle (shapeshifter) (D:17)
  An ice beast (Hell)
  A giant frog (Lair:8)
  A warg (Vaults:5)
  An orc priest (Orc:1)
  3 humans (Spider:1)
  An orc wizard (D:7)
  A scorpion (Spider:4)
  A big fish (Hell)
  3 deep elf soldiers
  2 boggarts (D:18)
  5 mummies
  An adder (Lair:1)
  A giant centipede (D:18)
  2 green rats (Lair:8)
  An adder skeleton (D:7)
  A shadow imp (Elf:3)
  4 ufetubi
  9 orcs
  A bat (Shoals:1)
  A giant newt (D:2)
  A giant spore (D:8)
  An illusory rakshasa (D:20)
  3 kobolds
  15 fungi
  11 plants
  16 starspawn tentacles (Abyss:1)
  17 starspawn tentacle segments (Abyss:1)
  8 tentacles
  7 tentacle segments (Shoals:4)
162 creatures vanquished.

Grand Total: 4671 creatures vanquished

Notes
Turn   | Place    | Note
--------------------------------------------------------------
     0 | D:1      | JacquesDerrida, the Merfolk Gladiator, began the quest for the Orb.
     0 | D:1      | Reached XP level 1. HP: 17/17 MP: 0/0
   114 | D:1      | Reached skill level 5 in Polearms
   123 | D:1      | Reached XP level 2. HP: 20/23 MP: 1/1
   825 | D:1      | Reached skill level 6 in Polearms
   825 | D:1      | Reached XP level 3. HP: 14/28 MP: 2/2
  1283 | D:2      | Found a blossoming altar of Fedhas.
  1285 | D:2      | Found a sparkling altar of Nemelex Xobeh.
  1348 | D:2      | Reached skill level 7 in Polearms
  1348 | D:2      | Reached XP level 4. HP: 28/35 MP: 3/3
  1771 | D:3      | Noticed disskorpion's ghost (average OpMo)
  1792 | D:3      | Killed disskorpion's ghost
  1792 | D:3      | Reached skill level 8 in Polearms
  1792 | D:3      | Reached XP level 5. HP: 22/40 MP: 4/4
  1969 | D:3      | Noticed a giant frog
  1982 | D:3      | Killed a giant frog
  1982 | D:3      | Reached skill level 9 in Polearms
  1982 | D:3      | Reached XP level 6. HP: 35/46 MP: 5/5
  2807 | D:3      | Reached skill level 10 in Polearms
  3297 | D:4      | Reached skill level 11 in Polearms
  3297 | D:4      | Reached XP level 7. HP: 44/51 MP: 6/6
  3404 | D:4      | Noticed Duvessa
  3406 | D:4      | Noticed Dowan
  3418 | D:4      | Killed Duvessa
  3420 | D:4      | Killed Dowan
  3608 | D:4      | Reached skill level 12 in Polearms
  3992 | D:5      | Entered Level 5 of the Dungeon
  4067 | D:5      | Found a sand-covered staircase.
  4072 | D:5      | Reached skill level 5 in Dodging
  4072 | D:5      | Reached XP level 8. HP: 53/58 MP: 7/7
  4077 | Ossuary  | Entered an ossuary
  4668 | D:5      | Reached skill level 13 in Polearms
  4833 | D:5      | Noticed a hill giant
  4970 | D:4      | Gained mutation: Your flesh is heat resistant. [potion of mutation]
  4970 | D:4      | Gained mutation: You are clumsy (Dex -1). [potion of mutation]
  4970 | D:4      | Gained mutation: You are weak (Str -1). [potion of mutation]
  5593 | D:6      | Reached XP level 9. HP: 63/63 MP: 8/8
  5606 | D:6      | Reached skill level 14 in Polearms
  5664 | D:6      | Found a staircase to the Orcish Mines.
  5702 | D:6      | Noticed a hill giant zombie
  5718 | D:6      | Killed a hill giant zombie
  5718 | D:6      | Reached skill level 15 in Polearms
  5809 | D:6      | Noticed Grinder
  5817 | D:6      | Paralysed by Grinder for 6 turns
  5829 | D:6      | Killed Grinder
  6115 | D:6      | Noticed Ijyb
  6121 | D:6      | Killed Ijyb
  6160 | D:6      | Reached skill level 16 in Polearms
  6266 | D:6      | Noticed a hill giant zombie
  6280 | D:6      | Killed a hill giant zombie
  6384 | D:6      | Reached XP level 10. HP: 62/69 MP: 9/9
  6509 | D:6      | Found a white marble altar of Elyvilon.
  6692 | D:7      | Reached skill level 17 in Polearms
  7079 | D:7      | Noticed Eustachio
  7093 | D:7      | Killed Eustachio
  7174 | D:7      | Noticed Menkaure
  7182 | D:7      | Killed Menkaure
  7630 | D:7      | Found a staircase to the Ecumenical Temple.
  7640 | Temple   | Entered the Ecumenical Temple
  7865 | Temple   | Became a worshipper of Warmaster Okawaru
  8593 | D:8      | Got a faintly glowing bronze ring
  8653 | D:8      | Identified the ring "Thufetos" {Dex+1 Int+2 SInv} (You found it on level 8 of the Dungeon)
  8793 | D:9      | Noticed Gastronok
  8865 | D:9      | Found a staircase to the Lair.
  8874 | D:9      | Reached skill level 10 in Dodging
  8885 | Lair:1   | Entered Level 1 of the Lair of Beasts
  8911 | Lair:1   | Gained mutation: You are partially covered in thin metallic scales (AC +2). [potion of beneficial mutation]
  8914 | Lair:1   | Lost mutation: You are clumsy (Dex -1). [potion of cure mutation]
  8914 | Lair:1   | Lost mutation: You are weak (Str -1). [potion of cure mutation]
  8914 | Lair:1   | Lost mutation: Your flesh is heat resistant. [potion of cure mutation]
  8914 | Lair:1   | Lost mutation: You are partially covered in thin metallic scales (AC +2). [potion of cure mutation]
  8995 | Lair:1   | Acquired Okawaru's first power
  9059 | Lair:1   | Reached skill level 18 in Polearms
  9351 | Lair:1   | Noticed a black mamba
  9361 | Lair:1   | Killed a black mamba
  9461 | Lair:1   | Noticed Harold
  9474 | Lair:1   | Killed Harold
  9474 | Lair:1   | Reached skill level 19 in Polearms
  9474 | Lair:1   | Reached XP level 11. HP: 47/74 MP: 7/10
  9950 | Lair:1   | Reached skill level 20 in Polearms
 10524 | Lair:2   | Noticed a six-headed hydra
 10650 | Lair:2   | Reached skill level 5 in Fighting
 11834 | Lair:3   | Found a basalt altar of Yredelemnul.
 11957 | Lair:3   | Acquired Okawaru's second power
 12209 | Lair:4   | Found a staircase to the Shoals.
 12532 | Lair:4   | Reached skill level 1 in Spellcasting
 12546 | Lair:4   | Noticed Maud
 12570 | Lair:4   | Killed Maud
 12570 | Lair:4   | Reached skill level 5 in Spellcasting
 12570 | Lair:4   | Reached XP level 12. HP: 89/89 MP: 9/22
 12814 | Lair:5   | Noticed a death yak
 12814 | Lair:5   | Noticed a death yak
 12814 | Lair:5   | Noticed a death yak
 12814 | Lair:5   | Noticed a death yak
 12817 | Lair:5   | Noticed a death yak
 12819 | Lair:5   | Noticed a death yak
 13116 | Lair:5   | Noticed a seven-headed hydra
 13134 | Lair:5   | Killed a seven-headed hydra
 13493 | Lair:5   | Found a hole to the Spider Nest.
 14013 | Lair:6   | Found a shattered altar of Ashenzari.
 14113 | Lair:6   | Received a gift from Okawaru
 14122 | Lair:6   | Identified a +2 pair of boots of running (Okawaru gifted it to you on level 6 of the Lair of Beasts)
 14621 | Lair:7   | Noticed a seven-headed hydra
 14655 | Lair:7   | Killed a seven-headed hydra
 14784 | Lair:7   | Noticed a death yak
 14799 | Lair:7   | Noticed a death yak
 14800 | Lair:7   | Noticed a death yak
 14824 | Lair:6   | Killed a death yak
 14824 | Lair:6   | Reached skill level 10 in Spellcasting
 14832 | Lair:6   | Killed a death yak
 14906 | Lair:7   | Killed a death yak
 15406 | Lair:8   | Entered Level 8 of the Lair of Beasts
 15516 | Lair:8   | Reached XP level 13. HP: 78/95 MP: 31/31
 15800 | Lair:8   | Found a frozen archway.
 15804 | Lair:8   | Found a staircase to the Slime Pits.
 15819 | IceCv    | Entered an ice cave
 16389 | Lair:8   | Received a gift from Okawaru
 16619 | Lair:8   | Reached skill level 10 in Fighting
 16906 | Lair:8   | Got a heavily runed steel ring
 16908 | Lair:8   | Got a jewelled ring mail
 16919 | Lair:8   | Identified the ring "Ranoazos" {SustAb Str+2 Acc-3} (You found it on level 8 of the Lair of Beasts)
 16956 | Lair:8   | Identified the +4 ring mail "Hick" {Acc+5 Dam+3} (You found it on level 8 of the Lair of Beasts)
 17012 | Lair:8   | Reached skill level 1 in Armour
 17184 | Lair:8   | Learned a level 2 spell: Repel Missiles
 17187 | Lair:8   | Learned a level 2 spell: Swiftness
 17192 | Lair:8   | Learned a level 4 spell: Cause Fear
 17640 | Lair:5   | Killed a death yak
 17640 | Lair:5   | Received a gift from Okawaru
 17679 | Lair:5   | Killed a death yak
 17707 | Lair:5   | Killed a death yak
 17740 | Lair:5   | Killed a death yak
 17740 | Lair:5   | Reached skill level 5 in Armour
 17757 | Lair:5   | Killed a death yak
 17956 | Lair:5   | Received a gift from Okawaru
 17962 | Lair:5   | Got a crystal great sword {god gift}
 17963 | Lair:5   | Identified the great sword "Hoxzoil" {god gift, antimagic, rN+} (Okawaru gifted it to you on level 5 of the Lair of Beasts)
 18530 | Lair:1   | Learned a level 5 spell: Silence
 18617 | D:9      | Killed Gastronok
 18785 | D:9      | Reached XP level 14. HP: 106/106 MP: 32/32
 18910 | D:9      | Found Laop's Magic Scroll Shoppe.
 18920 | D:9      | Bought a scroll of vorpalise weapon for 300 gold pieces
 18920 | D:9      | Bought a scroll of enchant weapon II for 82 gold pieces
 18920 | D:9      | Bought a scroll of identify for 30 gold pieces
 18979 | Lair:1   | Identified a scroll of acquirement
 19227 | D:9      | Found a blossoming altar of Fedhas.
 19412 | Orc:1    | Entered Level 1 of the Orcish Mines
 19412 | Orc:1    | Noticed Maurice
 19453 | Orc:1    | Killed Maurice
 19551 | Orc:1    | Paralysed by an orc sorcerer for 2 turns
 19774 | Orc:2    | Noticed Grum
 19784 | Orc:2    | Killed Grum
 19810 | Orc:2    | Found a flagged portal.
 19832 | Bailey   | Entered a bailey
 19959 | Bailey   | Received a gift from Okawaru
 20275 | Orc:2    | Noticed Erolcha
 20331 | Orc:3    | Found a glowing silver altar of Zin.
 20511 | Orc:1    | Reached skill level 1 in Hexes
 20511 | Orc:1    | Reached skill level 1 in Charms
 20679 | Orc:1    | Found a shimmering altar of Xom.
 20987 | Orc:3    | Found Fafin's Food Boutique.
 21143 | Orc:4    | Entered Level 4 of the Orcish Mines
 21221 | Orc:4    | Noticed Fannar
 21235 | Orc:4    | Killed Fannar
 21248 | Orc:4    | Found a dark tunnel.
 21269 | Orc:4    | Noticed Elpoyo's ghost (experienced OgCK)
 21304 | Orc:4    | Killed Elpoyo's ghost
 21347 | Orc:4    | Found Seelomie's Armour Shop.
 21641 | Orc:4    | Cast into the Abyss (ogre mage)
 21691 | Orc:4    | Escaped the Abyss
 21703 | Orc:4    | Reached skill level 5 in Hexes
 21804 | Orc:4    | Found Shryoloa's Gadget Boutique.
 21810 | Orc:4    | Found Peozibic's General Store.
 21887 | Orc:4    | Received a gift from Okawaru
 21890 | Orc:4    | Got a brightly glowing glaive {god gift}
 22344 | Orc:4    | Found Fedar's Distillery.
 22347 | Orc:4    | Bought a scroll of acquirement for 676 gold pieces
 22347 | Orc:4    | Bought a scroll of recharging for 71 gold pieces
 22347 | Orc:4    | Bought a potion of agility for 32 gold pieces
 22353 | Orc:4    | Bought a potion of heal wounds for 48 gold pieces
 22353 | Orc:4    | Bought a potion of heal wounds for 48 gold pieces
 22353 | Orc:4    | Bought a potion of invisibility for 88 gold pieces
 22353 | Orc:4    | Bought a potion of speed for 88 gold pieces
 22377 | Orc:4    | Identified the glaive of Grace {god gift, pain, Int-4 Curse} (Okawaru gifted it to you on level 4 of the Orcish Mines)
 22761 | Lair:1   | Learned a level 3 spell: Flight
 22767 | Lair:1   | Learned a level 5 spell: Tukima's Dance
 22834 | D:10     | Entered Level 10 of the Dungeon
 23916 | D:11     | Reached skill level 10 in Hexes
 23993 | D:11     | Reached XP level 15. HP: 92/113 MP: 33/33
 24028 | D:11     | Noticed Psyche
 24037 | D:11     | Killed Psyche
 24037 | D:11     | Received a gift from Okawaru
 24037 | D:11     | Reached skill level 1 in Air Magic
 24040 | D:11     | Got an ichor-stained ring mail {god gift}
 24044 | D:11     | Identified the -4 ring mail of Gluttony {+Fly} (Okawaru gifted it to you on level 11 of the Dungeon)
 24193 | D:11     | Noticed Urug
 24213 | D:11     | Killed Urug
 24889 | D:12     | Reached skill level 21 in Polearms
 25319 | D:13     | Found a labyrinth entrance.
 25341 | Lab      | Entered a labyrinth
 25475 | Lab      | Paralysed by you for 6 turns
 26153 | Lab      | Got a jewelled ring mail
 26169 | Lab      | Identified the +1 ring mail of the Dragon {+Blink rPois} (You found it in a labyrinth)
 26183 | Lab      | Identified a +2 rod of demonology (11/11) (You found it in a labyrinth)
 26204 | Lab      | Got a faintly glowing battleaxe
 26208 | Lab      | Identified the cursed battleaxe of Ascent {chop, rN+} (You found it in a labyrinth)
 27003 | D:13     | Reached skill level 22 in Polearms
 27015 | D:13     | Received a gift from Okawaru
 27718 | D:13     | Reached skill level 23 in Polearms
 27825 | D:13     | Found a glowing silver altar of Zin.
 27826 | D:13     | Noticed an angel
 28015 | D:14     | Entered Level 14 of the Dungeon
 28026 | D:14     | Noticed Rupert
 28039 | D:14     | Paralysed by Rupert for 7 turns
 28054 | D:14     | Killed Rupert
 28054 | D:14     | Reached XP level 16. HP: 121/124 MP: 34/34
 28175 | D:14     | Learned a level 2 spell: Blink
 28778 | D:14     | Reached skill level 24 in Polearms
 28799 | D:15     | Entered Level 15 of the Dungeon
 29144 | D:15     | Received a gift from Okawaru
 30239 | D:17     | Reached skill level 25 in Polearms
 30781 | D:18     | Noticed Azrael
 30807 | D:18     | Killed Azrael
 31049 | D:18     | Received a gift from Okawaru
 31693 | D:18     | Reached XP level 17. HP: 86/132 MP: 25/35
 32098 | D:19     | Found a blossoming altar of Fedhas.
 32251 | D:19     | Reached skill level 5 in Charms
 32284 | D:19     | Reached skill level 5 in Air Magic
 32347 | D:19     | Noticed Agnes
 32364 | D:19     | Killed Agnes
 33525 | D:19     | Received a gift from Okawaru
 33736 | D:20     | Entered Level 20 of the Dungeon
 34746 | D:20     | Received a gift from Okawaru
 34981 | D:20     | Noticed a storm dragon
 35001 | D:20     | Killed a storm dragon
 35193 | D:20     | Reached XP level 18. HP: 120/137 MP: 35/35
 35213 | D:20     | Paralysed by a great orb of eyes for 5 turns
 35347 | D:20     | Noticed a golden dragon
 35349 | D:20     | Noticed a shadow dragon
 35560 | D:20     | Reached skill level 10 in Charms
 35734 | D:20     | Found a staircase to the Vaults.
 35764 | Vaults:1 | Entered Level 1 of the Vaults
 35928 | Vaults:1 | Upgraded the game from 0.13-a0-2244-g236abbe to 0.13-a0-2261-g830e84e
 35928 | Vaults:1 | Reached XP level 17. HP: 115/130 MP: 32/35
 35961 | Vaults:1 | Received a gift from Okawaru
 35964 | Vaults:1 | Got a smoking glaive {god gift}
 35966 | Vaults:1 | Identified the glaive of Ash {god gift, antimagic, +Inv rPois} (Okawaru gifted it to you on level 1 of the Vaults)
 36772 | Vaults:1 | Reached XP level 18. HP: 137/137 MP: 35/35
 37029 | Vaults:1 | Found Isian's Food Boutique.
 37055 | Vaults:1 | Got a bloodstained plate armour
 37056 | Vaults:1 | Identified the +17 plate armour of Lugonu {Str+1 Dex+3} (You found it on level 1 of the Vaults)
 37657 | Vaults:2 | Received a gift from Okawaru
 37688 | Vaults:2 | Noticed Saint Roka
 37977 | Vaults:2 | Found Phatsott's Book Boutique.
 38017 | Vaults:2 | Noticed Louise
 38035 | Vaults:2 | Killed Louise
 38064 | Vaults:2 | Noticed Mennas
 38098 | Vaults:2 | Killed Mennas
 38787 | Vaults:2 | Found a staircase to the Crypt.
 38796 | Vaults:2 | Reached skill level 1 in Invocations
 39071 | Vaults:2 | Killed Saint Roka
 39071 | Vaults:2 | Received a gift from Okawaru
 39500 | Vaults:3 | Found a staircase to the Hall of Blades.
 39582 | Vaults:3 | Reached skill level 10 in Air Magic
 39910 | Vaults:3 | Received a gift from Okawaru
 41073 | Vaults:3 | Received a gift from Okawaru
 41515 | Vaults:4 | Reached XP level 19. HP: 134/145 MP: 35/37
 41949 | Vaults:4 | Received a gift from Okawaru
 43097 | Vaults:4 | Reached skill level 1 in Translocations
 44046 | Lair:1   | Learned a level 6 spell: Haste
 44053 | Lair:1   | Learned a level 6 spell: Deflect Missiles
 44688 | Vaults:5 | Entered Level 5 of the Vaults
 44731 | Vaults:4 | Reached skill level 5 in Translocations
 44733 | Vaults:4 | Received a gift from Okawaru
 45175 | Vaults:4 | Reached XP level 20. HP: 98/153 MP: 28/39
 45349 | Vaults:5 | Received a gift from Okawaru
 45754 | Vaults:5 | Got a crude blowgun
 45862 | Vaults:5 | Received a gift from Okawaru
 46188 | Vaults:5 | Learned a level 3 spell: Regeneration
 46471 | Vaults:5 | Got a crystal quarterstaff
 47011 | Vaults:5 | Identified the Grimoire of Protection
 47024 | Vaults:5 | Learned a level 1 spell: Infusion
 47028 | Vaults:5 | Learned a level 3 spell: Spectral Weapon
 47084 | Vaults:5 | Paralysed by a potion of paralysis for 5 turns
 47117 | Vaults:5 | Learned a level 6 spell: Invisibility
 47120 | Vaults:5 | Got a fine bronze amulet
 47122 | Vaults:5 | Identified the amulet "Seah Shoa" {Clar +Rage +Inv} (You found it on level 5 of the Vaults)
 47232 | Vaults:5 | Reached skill level 5 in Invocations
 48101 | Vaults:5 | Received a gift from Okawaru
 48112 | Vaults:5 | Reached XP level 21. HP: 137/156 MP: 22/40
 48133 | Vaults:5 | Reached skill level 15 in Spellcasting
 48209 | Vaults:5 | Reached XP level 20. HP: 117/150 MP: 39/39
 48461 | Vaults:5 | Got a shimmering wooden ring
 48465 | Vaults:5 | Identified the ring "Striaxav" {SustAb rPois Int+1} (You took it off a yaktaur captain on level 5 of the Vaults)
 48688 | Vaults:5 | Reached XP level 21. HP: 144/156 MP: 32/40
 48713 | Vaults:5 | Got a silver rune of Zot
 48719 | Vaults:5 | Got a scintillating glass ring
 48720 | Vaults:5 | Identified the ring of Attitude {+/*Tele Stlth++} (You found it on level 5 of the Vaults)
 49523 | Blade    | Entered the Hall of Blades
 49910 | Blade    | Reached XP level 20. HP: 150/150 MP: 37/39
 50619 | Spider:1 | Entered Level 1 of the Spider Nest
 50808 | Spider:1 | Noticed Kirke
 50822 | Spider:1 | Killed Kirke
 52116 | Spider:2 | Reached XP level 21. HP: 126/156 MP: 40/40
 52261 | Spider:2 | Received a gift from Okawaru
 53062 | Spider:3 | Upgraded the game from 0.13-a0-2261-g830e84e to 0.13-a0-2281-ge1c0d72
 53653 | Spider:4 | Noticed Arachne
 53682 | Spider:4 | Killed Arachne
 54103 | Spider:5 | Entered Level 5 of the Spider Nest
 54326 | Spider:5 | Noticed Donald
 54342 | Spider:5 | Killed Donald
 54349 | Spider:5 | Got an ancient granite ring
 54351 | Spider:5 | Identified the ring of Ashenzari's Supremacy {rF+ SInv} (You found it on level 5 of the Spider Nest)
 54849 | Spider:5 | Received a gift from Okawaru
 54882 | Spider:5 | Noticed Frederick
 55056 | Spider:5 | Killed Frederick
 55320 | Spider:5 | Got a gossamer rune of Zot
 56255 | Lair:4   | Killed a death yak
 56274 | Shoals:1 | Entered Level 1 of the Shoals
 56613 | Shoals:1 | Found Klaviek's Gadget Boutique.
 56930 | Shoals:2 | Noticed kuzmorgo's ghost (mighty DEWz)
 57527 | Shoals:2 | Received a gift from Okawaru
 57530 | Shoals:2 | Got a smoking bardiche {god gift}
 57534 | Shoals:3 | Identified the +7,+3 bardiche of Ascent {slay drac, +Inv rN+ Dex+2 Int+2} (Okawaru gifted it to you on level 2 of the Shoals)
 57605 | Shoals:3 | Got an encrusted flail
 57641 | Shoals:3 | Noticed Mara
 57659 | Shoals:3 | Killed Mara
 58005 | Shoals:4 | stonewall: >мерфолк летит над водой
 58006 | Shoals:4 | JacquesDerrida: >мерфолк бьет врагов глефой тока под водой
 58006 | Shoals:4 | JacquesDerrida: )))
 58007 | Shoals:4 | JacquesDerrida: Xe-xe
 58008 | Shoals:4 | stonewall: Так бы скорость больше была
 58009 | Shoals:4 | JacquesDerrida: Зачем
 58009 | Shoals:4 | stonewall: Убегать?
 58009 | Shoals:4 | JacquesDerrida: Зачем
 58275 | Shoals:5 | Entered Level 5 of the Shoals
 58785 | Shoals:5 | Noticed Ilsuiw
 58786 | Shoals:5 | Received a gift from Okawaru
 58860 | Shoals:5 | Reached XP level 22. HP: 138/164 MP: 42/42
 58866 | Shoals:5 | Killed Ilsuiw
 59035 | Shoals:5 | Got a polished chain mail
 59416 | Shoals:5 | Got a barnacled rune of Zot
 59504 | Shoals:5 | Noticed Xtahua
 59543 | Shoals:5 | Killed Xtahua
 59543 | Shoals:5 | Reached skill level 15 in Air Magic
 59964 | Lair:1   | Identified the +1 chain mail of the Harp {+Fly Int+4} (You took it off a merfolk impaler on level 5 of the Shoals)
 60469 | D:21     | Noticed Jory
 60486 | D:21     | Killed Jory
 60768 | D:21     | Found a one-way gate leading to the halls of Pandemonium.
 61119 | D:21     | Noticed Margery
 61120 | D:21     | Noticed Sojobo
 61136 | D:21     | Killed Margery
 61136 | D:21     | Received a gift from Okawaru
 61137 | D:21     | Got a faintly glowing halberd {god gift}
 61204 | D:21     | Killed Sojobo
 61232 | D:21     | Identified the halberd "Nolluowu" {god gift, antimagic, rF+ SInv} (Okawaru gifted it to you on level 21 of the Dungeon)
 61541 | D:21     | Found a gateway to Hell.
 61726 | D:21     | Received a gift from Okawaru
 61762 | D:21     | Got a fine halberd {god gift}
 61763 | D:21     | Identified the halberd of a bailey {god gift, flame, Str+3} (Okawaru gifted it to you on level 21 of the Dungeon)
 62302 | D:22     | Found Peip Axka's Gadget Shoppe.
 62672 | D:22     | Found a one-way gate to the infinite horrors of the Abyss.
 62930 | D:23     | Received a gift from Okawaru
 63009 | D:23     | Got a vibrating pewter ring
 63011 | D:23     | Identified the ring "Qyczau" {Str-3 Int-3 Acc+2 Dam+6} (You acquired it on level 23 of the Dungeon)
 63261 | D:23     | Reached XP level 23. HP: 147/169 MP: 43/43
 64752 | D:24     | Noticed Liquorice's ghost (mighty DjBe)
 64773 | D:24     | Killed Liquorice's ghost
 65938 | D:24     | Received a gift from Okawaru
 66431 | D:25     | Entered Level 25 of the Dungeon
 66788 | D:25     | HP: 5/169 [tengu reaver/freezing blast (14)]
 67027 | D:25     | Received a gift from Okawaru
 67122 | D:25     | Found a shattered altar of Ashenzari.
 67142 | D:25     | Got a crude brass amulet
 67146 | D:25     | Identified the amulet of Suapha {rCorr Dex+3 Int+3} (You acquired it on level 25 of the Dungeon)
 67517 | D:25     | Reached XP level 24. HP: 170/177 MP: 44/44
 69573 | Orc:2    | Killed Erolcha
 70386 | Orc:3    | Paralysed by an orc sorcerer for 6 turns
 70716 | Orc:3    | Found a staircase to the Elven Halls.
 70904 | Elf:1    | Entered Level 1 of the Elven Halls
 71945 | Elf:3    | Entered Level 3 of the Elven Halls
 72847 | Elf:3    | Received a gift from Okawaru
 73166 | Elf:3    | Identified Yddoscheo's Catalogue of Evil Rites and Earth
 73293 | Elf:3    | Got a heavily runed jade ring
 73365 | Elf:3    | Identified the ring of the Good {Fire +Inv rPois} (You found it on level 3 of the Elven Halls)
 73380 | Elf:3    | Got a slimy trident
 73381 | Elf:3    | Identified the trident of Laceration {vamp, rPois rC+ MR++ Str+2} (You found it on level 3 of the Elven Halls)
 73440 | Elf:3    | Got a shimmering plate armour
 73441 | Elf:3    | Identified the cursed +11 plate armour of Coronation {Dex+2 Int+4} (You found it on level 3 of the Elven Halls)
 74431 | Lair:1   | Learned a level 9 spell: Tornado
 74733 | Slime:1  | Entered Level 1 of the Pits of Slime
 74987 | Shoals:4 | JacquesDerrida: Xe-xe
 74987 | Shoals:4 | JacquesDerrida: Яблочко, подари амулет резиста мутациям
 74987 | Shoals:4 | JacquesDerrida: Подари амулет резиста
 74987 | Shoals:4 | JacquesDerrida: Ну подари
 74987 | Shoals:4 | JacquesDerrida: Ну подари амулет
 76053 | Slime:6  | Entered Level 6 of the Pits of Slime
 76122 | Slime:6  | Paralysed by a giant eyeball for 2 turns
 76174 | Slime:6  | Paralysed by a giant eyeball for 2 turns
 76321 | Slime:6  | Paralysed by a giant eyeball for 2 turns
 76415 | Slime:6  | Noticed the royal jelly
 76442 | Slime:6  | Killed the royal jelly
 76442 | Slime:6  | Reached XP level 25. HP: 156/184 MP: 24/45
 76486 | Slime:6  | stonewall: Мне показалось или он упал с 1 торнадо?
 76486 | Slime:6  | stonewall: А вообще красиво
 76486 | Slime:6  | JacquesDerrida: Нет, я ведь его глефой бли
 76486 | Slime:6  | stonewall: А
 76486 | Slime:6  | JacquesDerrida: На ней еще и ток...
 76486 | Slime:6  | stonewall: Черт
 76511 | Slime:6  | stonewall: Чистота эксперимента по звезде пошла
 76557 | Slime:6  | Got a slimy rune of Zot
 76602 | Slime:6  | Got a transparent platinum ring
 76615 | Slime:6  | Got a flickering brass ring
 76617 | Slime:6  | Got a shimmering iron ring
 76625 | Slime:6  | Got an ancient wooden ring
 76664 | Slime:6  | Identified the ring "Umanes" {MR Dex+5 Int+3} (You found it on level 6 of the Pits of Slime)
 76665 | Slime:6  | Identified the ring "Schaol" {Hunger+ rN+ Str+2 Int+4} (You found it on level 6 of the Pits of Slime)
 76666 | Slime:6  | Identified the ring of Duoruas {+Fly Acc+6} (You found it on level 6 of the Pits of Slime)
 76667 | Slime:6  | Identified the ring of Wasyus {rF+ rN+} (You found it on level 6 of the Pits of Slime)
 77226 | Temple   | Fell from the grace of Okawaru
 77226 | Temple   | Became a worshipper of the Shining One
 77978 | Crypt:1  | Entered Level 1 of the Crypt
 77996 | Crypt:1  | Got a wavering steel ring
 78014 | Crypt:1  | Identified the ring "Raal Aps" {rF+ Int+4} (You found it on level 1 of the Crypt)
 78084 | Crypt:1  | Noticed Aizul
 78107 | Crypt:1  | Killed Aizul
 78107 | Crypt:1  | Reached skill level 10 in Armour
 78586 | Crypt:1  | Found a basalt altar of Yredelemnul.
 78600 | Crypt:1  | Acquired the Shining One's first power
 79198 | Crypt:2  | Identified Keowir's Almanac of Gliding Evil Magic
 79410 | Crypt:2  | Found a staircase to the Tomb.
 79471 | Crypt:2  | Acquired the Shining One's second power
 81303 | Crypt:4  | Acquired the Shining One's third power
 81554 | Crypt:4  | Noticed Jorgrun
 81561 | Crypt:4  | Killed Jorgrun
 81998 | Crypt:5  | Entered Level 5 of the Crypt
 82187 | Crypt:5  | Got a crude chain mail
 82188 | Crypt:5  | Identified the cursed -2 chain mail of Juigir {Int+3 Dam-4} (You found it on level 5 of the Crypt)
 82467 | Crypt:5  | Acquired the Shining One's fourth power
 83481 | Crypt:5  | Found an ancient bone altar of Kikubaaqudgha.
 83481 | Crypt:5  | Noticed an ancient lich
 83503 | Crypt:5  | Killed an ancient lich
 83503 | Crypt:5  | Reached XP level 26. HP: 135/186 MP: 22/45
 83563 | Crypt:5  | Noticed an ancient lich
 84519 | Crypt:5  | Killed an ancient lich
 84622 | Crypt:5  | Got a sparkling crystal amulet
 84626 | Crypt:5  | Identified the amulet "Fekuch" {Cons -Tele +Fly rElec MR++ Str+1 Acc-1} (You found it on level 5 of the Crypt)
 85564 | Lair:1   | acidapple: ага
 85565 | Lair:1   | acidapple: попался
 85571 | Lair:1   | JacquesDerrida: You struggle to get free
 85571 | Lair:1   | JacquesDerrida: You rip the net apart!
 85576 | Lair:1   | acidapple: :<
 85596 | Lair:1   | acidapple: а резисты где?
 85603 | Lair:1   | JacquesDerrida: Нет их
 85603 | Lair:1   | JacquesDerrida: В этом беда
 85603 | Lair:1   | acidapple: я только рф насчитал
 85603 | Lair:1   | acidapple: 2
 85603 | Lair:1   | JacquesDerrida: все по нолям
 85603 | Lair:1   | JacquesDerrida: (((
 85603 | Lair:1   | acidapple: бида бида
 85603 | Lair:1   | JacquesDerrida: Еще и броню до 20 тянуть
 85603 | Lair:1   | JacquesDerrida: Шобы торнадить
 85603 | Lair:1   | acidapple: а разве
 85603 | Lair:1   | acidapple: фдр дает рф++ ?
 85603 | Lair:1   | JacquesDerrida: Ботинки бега пофиксили
 85606 | Lair:1   | acidapple: а что они?
 85606 | Lair:1   | JacquesDerrida: Теперь дилей не 0.8, а 0.9
 85606 | Lair:1   | JacquesDerrida: В два раза порезали
 85606 | Lair:1   | JacquesDerrida: Ну дураки!
 85606 | Lair:1   | acidapple: пф
 85606 | Lair:1   | acidapple: ну и зачем они теперь
 85606 | Lair:1   | JacquesDerrida: Да, рф++
 85606 | Lair:1   | JacquesDerrida: Низнаю
 85612 | Lair:1   | JacquesDerrida: А сейчас точно еще нельзя благословить оружие?
 85612 | Lair:1   | JacquesDerrida: Не хочется в вестибюль тащиться
 85612 | Lair:1   | acidapple: на фулл паети
 85612 | Lair:1   | acidapple: ну посмотри
 85612 | Lair:1   | acidapple: в ^
 85612 | Lair:1   | acidapple: там будет если есть возможность
 85612 | Lair:1   | JacquesDerrida: Кстати, за 16 свитков энчант II не смог сделать 8>9
 85612 | Lair:1   | JacquesDerrida: (((
 85612 | Lair:1   | acidapple: будет написано что тсо разрешает зачаровать
 85612 | Lair:1   | acidapple: низя
 85612 | Lair:1   | JacquesDerrida: Эх!
 85614 | Lair:1   | acidapple: какой ты курсед
 85614 | Lair:1   | acidapple: весь
 85614 | Lair:1   | JacquesDerrida: Не
 85614 | Lair:1   | acidapple: иди в геену
 85614 | Lair:1   | JacquesDerrida: Это тсо не любит
 85614 | Lair:1   | JacquesDerrida: Сначала надо бердыш сделать
 85615 | Lair:1   | acidapple: иди к эльфам
 85615 | Lair:1   | JacquesDerrida: Десятки свитков потратил
 85615 | Lair:1   | JacquesDerrida: И получил вот такое из бердыша +2 +8
 85615 | Lair:1   | JacquesDerrida: Тридцать свитков
 85615 | Lair:1   | acidapple: не густо
 85615 | Lair:1   | JacquesDerrida: Эльфы кончились
 85615 | Lair:1   | JacquesDerrida: Пойду гериона убиват
 86065 | Hell     | Entered the Vestibule of Hell
 86065 | Hell     | Noticed Geryon
 86081 | Hell     | Killed Geryon
 86115 | Hell     | acidapple: какой-от ты мягенький
 86118 | Hell     | acidapple: как фелид
 86118 | Hell     | JacquesDerrida: Это глефа твердая
 86118 | Hell     | acidapple: у фелида на 27м уровне с 27 в файтинге
 86118 | Hell     | JacquesDerrida: Желе тоже с одной торнады умер
 86118 | Hell     | acidapple: 150 хп
 86118 | Hell     | JacquesDerrida: Приходится мурчать
 86118 | Hell     | JacquesDerrida: для атеншена
 86118 | Hell     | acidapple: i never asked for this
 86157 | Hell     | acidapple: you yowl for attention
 86161 | Hell     | JacquesDerrida: oh shiiiite
 86161 | Hell     | acidapple: iguanna angrily hisses
 86161 | Hell     | JacquesDerrida: сейчас меня с рк- раскатают!
 86162 | Hell     | acidapple: ouch! that really hurts!
 86163 | Hell     | acidapple: you die
 86199 | Hell     | Was placed under penance by the Shining One
 86209 | Hell     | acidapple: лол
 86209 | Hell     | JacquesDerrida: Блядь
 86209 | Hell     | acidapple: кого ты там убил
 86209 | Hell     | JacquesDerrida: Я же случайно
 86209 | Hell     | JacquesDerrida: Ядом себя ударил
 86209 | Hell     | JacquesDerrida: С мискаста торнады
 86209 | Hell     | acidapple: ты рыбу отравил
 86209 | Hell     | acidapple: по-моему
 86209 | Hell     | JacquesDerrida: Favour - Godly wrath is upon you!
 86209 | Hell     | JacquesDerrida: Пиздец
 86209 | Hell     | JacquesDerrida: Это 50+ пиети
 86243 | D:21     | Gained mutation: You are dopey (Int -1). [mutagenic glow]
 86303 | D:21     | Gained mutation: You are frail (-10% HP). [mutagenic glow]
 86316 | D:21     | JacquesDerrida: Офигенно
 86403 | D:21     | Gained mutation: Your body is slowly deteriorating. [mutagenic glow]
 86809 | D:11     | JacquesDerrida: И че делать
 86913 | D:9      | acidapple: котострофа
 86930 | Lair:1   | Lost mutation: You are frail (-10% HP). [potion of cure mutation]
 86930 | Lair:1   | Lost mutation: Your body is slowly deteriorating. [potion of cure mutation]
 86930 | Lair:1   | Lost mutation: You are dopey (Int -1). [potion of cure mutation]
 86933 | Lair:1   | acidapple: дать денег зину?
 86933 | Lair:1   | JacquesDerrida: Зачем
 86933 | Lair:1   | acidapple: паети
 86933 | Lair:1   | JacquesDerrida: Надо идти зачищать тумб
 86933 | Lair:1   | acidapple: потом к тсо
 86933 | Lair:1   | acidapple: а, так у тебя тумб есть
 86933 | Lair:1   | acidapple: нечищенный
 86933 | Lair:1   | JacquesDerrida: Я и там не наберу
 86933 | Lair:1   | JacquesDerrida: Без бердыша света
 86933 | Lair:1   | JacquesDerrida: Вот же падла
 86933 | Lair:1   | JacquesDerrida: 50 пиети это половина крипта
 86933 | Lair:1   | acidapple: зин хочет твои деньги
 86933 | Lair:1   | JacquesDerrida: Не поможет
 86933 | Lair:1   | JacquesDerrida: Это зину же пойдет пиети
 86933 | Lair:1   | JacquesDerrida: В ад пойти, что ли
 86933 | Lair:1   | JacquesDerrida: Демонов погонять за пиети
 86982 | Lair:1   | acidapple: нууу
 86990 | Lair:1   | acidapple: хуже уже не будет
 87420 | D:19     | JacquesDerrida: Надо же было так серануть
 87474 | D:21     | JacquesDerrida: Пока буду убивать и обычное пиети упадет до ***
 87546 | Hell     | JacquesDerrida: fak yu
 87611 | Hell     | JacquesDerrida: Без хила тсо будет пездец
 88278 | Hell     | Reached skill level 15 in Armour
 88657 | Hell     | JacquesDerrida: Уже ***
 88921 | Hell     | JacquesDerrida: Можно в абисс, наверное
 88921 | Hell     | JacquesDerrida: Там не так опасно
 88934 | Geh:1    | Entered Level 1 of Gehenna
 89421 | Geh:1    | acidapple: уфф
 89600 | Geh:1    | acidapple: как оно?
 89604 | Geh:1    | JacquesDerrida: Ацтойно(((
 89604 | Geh:1    | JacquesDerrida: Я уже под сотню набрал!
 89608 | Geh:1    | JacquesDerrida: Вот как
 89608 | Geh:1    | acidapple: вот это я понимаю - рогалик
 89608 | Geh:1    | JacquesDerrida: 4 хода, 4 хеллфаера
 89812 | Hell     | JacquesDerrida: Бля
 89812 | Hell     | JacquesDerrida: Все сгорело
 89978 | Geh:1    | Gained mutation: Your vision is a little blurry. [a cacodemon]
 91029 | D:18     | acidapple: пожар
 91058 | D:21     | acidapple: danger dange
 91059 | D:21     | acidapple: r
 91119 | D:22     | Voluntarily entered the Abyss.
 91130 | Abyss:1  | acidapple: high voltage
 91153 | Abyss:1  | acidapple: when we touch
 91157 | Abyss:1  | acidapple: when we kiss
 91161 | Abyss:1  | Noticed a lich
 91168 | Abyss:1  | JacquesDerrida: У меня резиста мута так и нет
 91168 | Abyss:1  | JacquesDerrida: Ну мудачество(((
 91172 | Abyss:1  | Killed a lich
 91574 | Abyss:1  | Was forgiven by the Shining One
 91575 | Abyss:1  | acidapple: свет включили
 91575 | Abyss:1  | JacquesDerrida: Have you forgiven me, o your highness?!?!
 91575 | Abyss:1  | JacquesDerrida: I mean, get fucked
 91575 | Abyss:1  | JacquesDerrida: (((
 91575 | Abyss:1  | JacquesDerrida: 8000 ходов
 91575 | Abyss:1  | JacquesDerrida: Все свитки
 91575 | Abyss:1  | JacquesDerrida: половина пиети
 91575 | Abyss:1  | JacquesDerrida: Все из-за одного ебаного мискаста
 91575 | Abyss:1  | JacquesDerrida: Будто в адом играю!
 91784 | Abyss:1  | Reached skill level 15 in Dodging
 91920 | Abyss:1  | Found a corrupted altar of Lugonu.
 92187 | Abyss:1  | Identified a +1 cloak of preservation (You found it on level 1 of the Abyss)
 92441 | Abyss:1  | Found a deep blue altar of Sif Muna.
 92478 | Abyss:1  | Found a deep blue altar of Sif Muna.
 92738 | Abyss:1  | Found a corrupted altar of Lugonu.
 92960 | Abyss:1  | Noticed an ancient lich
 92981 | Abyss:1  | Killed an ancient lich
 92981 | Abyss:1  | Reached XP level 27. HP: 172/196 MP: 42/46
 93551 | Abyss:1  | Found a corrupted altar of Lugonu.
 93869 | Abyss:1  | Found a shimmering altar of Xom.
 94336 | Abyss:2  | Found a shimmering altar of Xom.
 94336 | Abyss:2  | Found a shimmering altar of Xom.
 94338 | Abyss:2  | Found a shimmering altar of Xom.
 94338 | Abyss:2  | Found a shimmering altar of Xom.
 94338 | Abyss:2  | Found a shimmering altar of Xom.
 94339 | Abyss:2  | Found a shimmering altar of Xom.
 94339 | Abyss:2  | Found a corrupted altar of Lugonu.
 94340 | Abyss:2  | Found a shimmering altar of Xom.
 94350 | Abyss:2  | Found a shimmering altar of Xom.
 94351 | Abyss:2  | Found a shimmering altar of Xom.
 94351 | Abyss:2  | Found a shimmering altar of Xom.
 94351 | Abyss:2  | Found a shimmering altar of Xom.
 94352 | Abyss:2  | Found a shimmering altar of Xom.
 94352 | Abyss:2  | Found a shimmering altar of Xom.
 94352 | Abyss:2  | Found a shimmering altar of Xom.
 94352 | Abyss:2  | Found a shimmering altar of Xom.
 94352 | Abyss:2  | Found a shimmering altar of Xom.
 94469 | D:22     | Escaped the Abyss
 94486 | D:21     | Was forgiven by Okawaru
 95039 | Temple   | JacquesDerrida: Окавару простил!
 95117 | Temple   | Identified a +8,+8 bardiche of holy wrath (a +7,+8 bardiche of pain blessed by the Shining One)
 95121 | Temple   | Waterpls: знатная ковырялка
 95208 | D:7      | JacquesDerrida: Неудачная
 95208 | D:7      | Waterpls: а берлыша нет?
 95208 | D:7      | JacquesDerrida: 30 свитков потратил на бердыш +2 +8
 95208 | D:7      | JacquesDerrida: Нет!
 95274 | D:8      | JacquesDerrida: shitsux
 95327 | Lair:1   | Waterpls: лол 3 уровень блурри
 96116 | Lair:1   | JacquesDerrida: Сколько можно-то
 97031 | D:26     | Noticed Wiglaf
 97059 | D:26     | Killed Wiglaf
 98947 | D:27     | Entered Level 27 of the Dungeon
100745 | Zot:1    | Entered Level 1 of the Realm of Zot
102716 | Zot:3    | Gained mutation: Your body is slowly deteriorating. [mutagenic glow]
102736 | Zot:3    | Gained mutation: Your muscles are strong (Str +1). [mutagenic glow]
102762 | Zot:4    | Noticed an orb of fire
102762 | Zot:4    | Gained mutation: You are frail (-10% HP). [an orb of fire]
102764 | Zot:4    | Gained mutation: Your body is deteriorating. [an orb of fire]
104374 | D:13     | Gained mutation: You occasionally shout uncontrollably. [potion of mutation]
104374 | D:13     | Lost mutation: You occasionally shout uncontrollably. [potion of mutation]
104374 | D:13     | Gained mutation: You are very frail (-20% HP). [potion of mutation]
104375 | D:13     | Lost mutation: You are very frail (-20% HP). [potion of mutation]
104375 | D:13     | Gained mutation: Your body is rapidly deteriorating. [potion of mutation]
104376 | D:13     | Gained mutation: You have a somewhat thin skeletal structure (Dex +2, Stlth). [potion of mutation]
104376 | D:13     | Lost mutation: Your vision is a little blurry. [potion of mutation]
104376 | D:13     | Gained mutation: You have supernaturally acute eyesight. [potion of mutation]
104377 | D:13     | Gained mutation: Armour fits poorly on your strangely shaped body. [potion of mutation]
104377 | D:13     | Gained mutation: You have a slow metabolism. [potion of mutation]
104434 | D:12     | Lost mutation: You are frail (-10% HP). [potion of mutation]
104434 | D:12     | Gained mutation: You are resistant to trampling. [potion of mutation]
104434 | D:12     | Gained mutation: You are resistant to hostile enchantments. [potion of mutation]
104695 | Orc:4    | Bought a potion of mutation for 48 gold pieces
104696 | Orc:4    | Lost mutation: You are resistant to hostile enchantments. [potion of mutation]
104696 | Orc:4    | Gained mutation: Your flesh is cold resistant. [potion of mutation]
105135 | Temple   | Fell from the grace of the Shining One
105135 | Temple   | Became a worshipper of Zin the Law-Giver
105135 | Temple   | Acquired Zin's first power
105135 | Temple   | Acquired Zin's second power
105135 | Temple   | Acquired Zin's third power
105135 | Temple   | Acquired Zin's fourth power
105138 | Temple   | Donated 5258 gold pieces to Zin
105141 | Temple   | Donated 2629 gold pieces to Zin
105142 | Temple   | Donated 1315 gold pieces to Zin
105143 | Temple   | Donated 657 gold pieces to Zin
105144 | Temple   | Donated 329 gold pieces to Zin
105145 | Temple   | Donated 164 gold pieces to Zin
105146 | Temple   | Donated 82 gold pieces to Zin
105147 | Temple   | Donated 41 gold pieces to Zin
105147 | Temple   | Donated 21 gold pieces to Zin
105147 | Temple   | Donated 10 gold pieces to Zin
105147 | Temple   | Donated 5 gold pieces to Zin
105691 | Temple   | Donated 3 gold pieces to Zin
105692 | Temple   | Received a gift from Zin
105692 | Temple   | Lost mutation: You have a somewhat thin skeletal structure (Dex +2, Stlth). [Zin's power]
105692 | Temple   | Lost mutation: You have supernaturally acute eyesight. [Zin's power]
105692 | Temple   | Lost mutation: Your flesh is cold resistant. [Zin's power]
105692 | Temple   | Lost mutation: Armour fits poorly on your strangely shaped body. [Zin's power]
105692 | Temple   | Lost mutation: Your body is rapidly deteriorating. [Zin's power]
105692 | Temple   | Lost mutation: Your body is deteriorating. [Zin's power]
105692 | Temple   | Lost mutation: Your body is slowly deteriorating. [Zin's power]
105692 | Temple   | Lost mutation: You have a slow metabolism. [Zin's power]
105692 | Temple   | Lost mutation: Your muscles are strong (Str +1). [Zin's power]
105692 | Temple   | Lost mutation: You are resistant to trampling. [Zin's power]
105731 | Temple   | Fell from the grace of Zin
105731 | Temple   | Became a worshipper of the Shining One
105780 | Temple   | Upgraded the game from 0.13-a0-2281-ge1c0d72 to 0.13-a0-2301-g23820b6
106516 | Tomb:1   | Entered Level 1 of the Tomb of the Ancients
106760 | Tomb:1   | Paralysed by a sphinx for 2 turns
109885 | Tomb:1   | Gained mutation: You are clumsy (Dex -1). [mutagenic glow]
110046 | Tomb:2   | Reached skill level 5 in Traps
112736 | Tomb:1   | HP: 1/196 [greater mummy/divine providence (11)]
112738 | Tomb:1   | The Shining One protects you from harm!
112758 | Tomb:1   | HP: 9/196 [greater mummy/divine providence (10)]
114262 | Tomb:2   | Reached skill level 10 in Invocations
114363 | Tomb:2   | Paralysed by the power of Zot for 3 turns
114593 | Tomb:3   | Entered Level 3 of the Tomb of the Ancients
116014 | Tomb:3   | Reached skill level 15 in Invocations
116273 | Tomb:3   | Got a golden rune of Zot
116716 | Tomb:3   | Identified Twew's Guide on Earthen Transmigration
116723 | Tomb:3   | Identified the Catalogue of Battle Magic and Good Luck
116834 | Tomb:3   | Got a shimmering ring mail
116849 | Tomb:3   | Identified the cursed -2 ring mail of the Evening Star {Str+1 Int-1} (You found it on level 3 of the Tomb of the Ancients)
116858 | Tomb:3   | Got a crystal lajatang
116859 | Tomb:3   | Identified the +1,+5 lajatang "Jogep" {slice, rF+ Str+3} (You found it on level 3 of the Tomb of the Ancients)
116892 | Tomb:3   | Upgraded the game from 0.13-a0-2301-g23820b6 to 0.13-a0-2305-ge00d11d
117277 | D:15     | stonewall: Еды маловато, да?
117277 | D:15     | JacquesDerrida: Нормально, но я бы еще взял
117277 | D:15     | JacquesDerrida: Я бы вообще удалился к херам
117277 | D:15     | stonewall: Или ты уже 14 рун вынес?
117277 | D:15     | JacquesDerrida: рк-
117277 | D:15     | JacquesDerrida: Ебанись!
117278 | D:15     | JacquesDerrida: Ниче не вынес, у меня рмута нет
117278 | D:15     | JacquesDerrida: И рк
117278 | D:15     | JacquesDerrida: Не знаю как быть
117278 | D:15     | JacquesDerrida: От мутаций уже зину деньги занес
117281 | D:15     | stonewall: Свичнись к Зину же
117466 | Vaults:1 | JacquesDerrida: Под тсо в пане быстрей найду тринкетку на шею
117466 | Vaults:1 | JacquesDerrida: И пару банок
117475 | Vaults:1 | Bought a bread ration for 56 gold pieces
117475 | Vaults:1 | Bought a bread ration for 56 gold pieces
117475 | Vaults:1 | Bought a bread ration for 56 gold pieces
117475 | Vaults:1 | Bought a beef jerky for 25 gold pieces
117475 | Vaults:1 | Bought a sausage for 21 gold pieces
117747 | D:14     | stonewall: You spit the boring beetle like a pig!!!!
117747 | D:14     | JacquesDerrida: Увидел сферу огня -- сразу второй уровень расщепления тела
117747 | D:14     | JacquesDerrida: Спит
117747 | D:14     | JacquesDerrida: Сплит, что ли.
117747 | D:14     | stonewall: Стабнул сволочь
117747 | D:14     | stonewall: Дубиной
117747 | D:14     | JacquesDerrida: Спит это прошедшее от чего
119885 | Lair:1   | Learned a level 5 spell: Phase Shift
120571 | Orc:3    | Bought a meat ration for 40 gold pieces
120571 | Orc:3    | Bought a bread ration for 40 gold pieces
120571 | Orc:3    | Bought a beef jerky for 18 gold pieces
121457 | Geh:6    | Cast into the Abyss (reaper)
121790 | Abyss:1  | Reached skill level 15 in Fighting
121913 | Geh:6    | Escaped the Abyss
122002 | Geh:7    | Entered Level 7 of Gehenna
122436 | Geh:7    | Paralysed by the effects of Hell for 7 turns
122583 | Geh:7    | Quit the game

Action                   |  1- 3 |  4- 6 |  7- 9 | 10-12 | 13-15 | 16-18 | 19-21 | 22-24 | 25-27 || total
-------------------------+-------+-------+-------+-------+-------+-------+-------+-------+-------++-------
Melee: Trident           |    95 |    73 |       |       |       |       |       |       |       ||   168
       Halberd           |       |    47 |   532 |   695 |       |       |       |       |       ||  1274
       Demon trident     |       |       |       |   381 |  1738 |  1690 |       |       |       ||  3809
       Glaive            |       |       |       |       |       |   565 |  2438 |  2722 |  2737 ||  8462
       Bardiche          |       |       |       |       |       |       |    18 |    16 |  2143 ||  2177
Throw: Throwing net      |       |       |     4 |     5 |     1 |       |       |       |       ||    10
       Javelin           |       |       |       |       |       |     5 |       |       |       ||     5
 Cast: Swiftness         |       |       |       |       |    19 |    22 |    25 |    14 |    47 ||   127
       Silence           |       |       |       |       |     4 |     4 |     3 |     8 |    43 ||    62
       Repel Missiles    |       |       |       |       |    21 |    42 |    12 |       |     1 ||    76
       Cause Fear        |       |       |       |       |     1 |       |     2 |     3 |       ||     6
       Tukima's Dance    |       |       |       |       |       |     6 |       |       |       ||     6
       Deflect Missiles  |       |       |       |       |       |       |    35 |    58 |    50 ||   143
       Haste             |       |       |       |       |       |       |    22 |    10 |    44 ||    76
       Blink             |       |       |       |       |       |       |     1 |       |     1 ||     2
       Regeneration      |       |       |       |       |       |       |    14 |    17 |       ||    31
       Invisibility      |       |       |       |       |       |       |     1 |       |       ||     1
       Flight            |       |       |       |       |       |       |     2 |       |       ||     2
       Tornado           |       |       |       |       |       |       |       |     1 |    15 ||    16
       Infusion          |       |       |       |       |       |       |       |       |     1 ||     1
Invok: Heroism           |       |       |       |    12 |    14 |    10 |    31 |    12 |       ||    79
       Finesse           |       |       |       |       |       |     1 |     1 |       |       ||     2
       Divine Shield     |       |       |       |       |       |       |       |       |     3 ||     3
       Cleansing Flame   |       |       |       |       |       |       |       |       |     3 ||     3
       Summon Divine War |       |       |       |       |       |       |       |       |     2 ||     2
       Cure All Mutation |       |       |       |       |       |       |       |       |     1 ||     1
 Abil: Evoke Berserk Rag |       |     1 |     1 |     1 |       |       |     1 |       |       ||     4
       Evoke Flight      |       |       |     1 |       |       |       |     1 |     1 |     2 ||     5
       Evoke Teleport Co |       |       |       |       |     3 |       |       |       |       ||     3
Evoke: Wand              |       |       |       |    18 |    13 |     5 |     6 |    10 |    29 ||    81
       Miscellaneous     |       |       |       |       |       |       |       |       |     1 ||     1
  Use: Potion            |       |     1 |    13 |     7 |     8 |    12 |     2 |     4 |    55 ||   102
       Scroll            |       |     9 |     5 |    16 |    21 |     7 |    18 |    14 |    79 ||   169
 Stab: Sleeping          |     2 |       |     4 |     1 |     1 |     1 |       |     1 |       ||    10
       Distracted        |       |       |     1 |       |       |       |     3 |     1 |     2 ||     7
       Held in net/web   |       |       |       |     3 |     1 |       |     1 |       |     4 ||     9
       Fleeing           |       |       |       |       |       |     2 |     2 |     2 |     3 ||     9
       Invisible         |       |       |       |       |       |       |    16 |       |       ||    16
